[Event "*** MasterClass Titled Tuesday Blitz"]
[Site "Chess.com"]
[Date "2017.07.04"]
[Round "2"]
[White "vpantev"]
[Black "Spartakus1975"]
[Result "1-0"]
[WhiteElo "2433"]
[BlackElo "2551"]
[TimeControl "180+2"]
[EndTime "13:20:29 PDT"]
[Termination "vpantev won by resignation"]

1. d4 d5 2. Nf3 Nf6 3. c4 c6 4. Qb3 g6 5. Bf4 Bg7 6. e3 O-O 7. Nc3 e6 8. h3 Nbd7 9. Be2 b6 10. cxd5 Nxd5 11. Nxd5 exd5 12. O-O Bb7 13. Rac1 c5 14.
dxc5 Nxc5 15. Rxc5 bxc5 16. Qxb7 d4 17. Rd1 Qa5 18. Bc4 dxe3 19. fxe3 Qb6 20. Rd7 Qxb7 21. Rxb7 Rad8 22. b3 h6 23. Rxa7 g5 24. Be5 Bxe5 25. Nxe5 Rd1+ 26. Kh2 Rfd8 27. Rxf7 1-0

[Event "*** MasterClass Titled Tuesday Blitz"]
[Site "Chess.com"]
[Date "2017.07.04"]
[Round "2"]
[White "pedroholly22"]
[Black "BigMak2500"]
[Result "1-0"]
[WhiteElo "2270"]
[BlackElo "2373"]
[TimeControl "180+2"]
[EndTime "13:20:37 PDT"]
[Termination "pedroholly22 won by resignation"]

1. d4 Nf6 2. c4 e6 3. Nf3 b6 4. g3 Bb7 5. Bg2 Be7 6. d5 exd5 7.
Nh4 c6 8. cxd5 Nxd5 9. Bxd5 Bxh4 10. Bxf7+ Kxf7 11. gxh4 Qxh4 12. Qb3+ d5 13. Qf3+ Qf6 14.
Qh3 h6 15. Rg1 Re8 16. Qh5+ Kf8 17. Rg6 Qe5 18. Qf3+ Kg8 19. Bxh6 Re7 20. Nc3 Rf7 21. Qg3 Qf5 22. Kd2 Nd7 23. Rxg7+ Kf8 24. Rg5+ 1-0

[Event "*** MasterClass Titled Tuesday Blitz"]
[Site "Chess.com"]
[Date "2017.07.04"]
[Round "2"]
[White "stalyansky"]
[Black "dhanushbharadwaj"]
[Result "0-1"]
[WhiteElo "2241"]
[BlackElo "2341"]
[TimeControl "180+2"]
[EndTime "13:20:54 PDT"]
[Termination "dhanushbharadwaj won by resignation"]

1. e4 c6 2. d4 d5 3. exd5 cxd5 4. Bd3 Nc6 5. c3 Qc7 6. h3 Nf6 7. Nf3 g6 8. O-O Bg7 9. Re1 O-O 10. Nbd2 e6 11. Nf1 Re8 12. Ng3 Bd7 13. h4 h5 14.
Bg5 Ng4 15. Qc2 Rac8 16. Bxg6 fxg6 17. Qxg6 Rf8 18. Nxh5 Be8 19. Qxe6+ Bf7 20. Qxg4 Bxh5 21. Qxh5 Qf7 22. Qg4 Rce8 23. h5 Kh7 24. h6 Bxh6 25. Bxh6 Kxh6 26. Re3 Rxe3 27. fxe3 Ne7 28. Kf2 Ng6 29.
Rh1+ Kg7 30. Ke2 Qf6 31. Rh5 Re8 32. Ne5 Rf8 33. Nxg6 Qf1+ 0-1

[Event "*** MasterClass Titled Tuesday Blitz"]
[Site "Chess.com"]
[Date "2017.07.04"]
[Round "2"]
[White "Al_Shima"]
[Black "ehrenfeld"]
[Result "0-1"]
[WhiteElo "2349"]
[BlackElo "2412"]
[TimeControl "180+2"]
[EndTime "13:20:55 PDT"]
[Termination "ehrenfeld won by resignation"]

1. b3 e5 2. Bb2 d6 3. e3 f5 4. d4 e4 5. d5 Nf6 6. c4 g6 7. Ne2 Bg7 8. Nf4 c6 9. h4 O-O 10. Nc3 Na6 11. Qd2 Nc7 12. O-O-O c5 13. f3 Bd7 14. a4 a6 15. a5 Qe7 16. Be2 Rab8 17. Rdg1 b5 18. axb6 Rxb6 19. Bd1 Rfb8 20. g4 exf3 21. gxf5 Bxf5 22. h5 Rxb3 23. Bxb3 Rxb3 24.
hxg6 h6 25. Qd1 Rxb2 26. Kxb2 Ne4 27. Qxf3 Bxc3+ 28. Ka2 Qe8 29. Qd1 Bg7 30. Qb3 Nd2 31. Qd1 Nxc4 32. Ne6 Nxe6 33. dxe6 Bxe6 34. Kb1 Qb5+ 35.
Kc2 Nxe3+ 0-1

[Event "*** MasterClass Titled Tuesday Blitz"]
[Site "Chess.com"]
[Date "2017.07.04"]
[Round "2"]
[White "Saitama_Hero"]
[Black "platy3"]
[Result "0-1"]
[WhiteElo "2253"]
[BlackElo "2630"]
[TimeControl "180+2"]
[EndTime "13:20:58 PDT"]
[Termination "platy3 won by resignation"]

1. d4 Nf6 2. c4 g6 3. Nc3 Bg7 4. e4 d6 5. Be2 O-O 6. Nf3 e5 7. O-O Nc6 8. d5 Ne7 9. b4 a5 10. bxa5 c5 11. a4 Rxa5 12. Nd2 Ne8 13. Nb3 Ra6 14.
a5 f5 15. f3 f4 16. g4 h5 17. h3 hxg4 18. hxg4 g5 19. Bd2 Ng6 20. Kf2 Nh4 21.
Nb5 Bxg4 22. fxg4 f3 23. Bd3 Nf6 24. Rg1 Qd7 25. Bxg5 Nxg4+ 26. Kf1 Rf4 27. Bxf4 exf4 28. Qd2 Ne3+ 29. Kf2 Qh3 30. Rxg7+ Kxg7 31. Rg1+ Nhg2 32.
Qc3+ Kf7 0-1

[Event "*** MasterClass Titled Tuesday Blitz"]
[Site "Chess.com"]
[Date "2017.07.04"]
[Round "2"]
[White "viggi38"]
[Black "gena217"]
[Result "0-1"]
[WhiteElo "2237"]
[BlackElo "2336"]
[TimeControl "180+2"]
[EndTime "13:21:00 PDT"]
[Termination "gena217 won by resignation"]

1. d4 Nf6 2. c4 e6 3. Nc3 Bb4 4.
Qc2 O-O 5. a3 Bxc3+ 6. Qxc3 d6 7. Nf3 Nbd7 8. Bg5 b6 9. e4 h6 10. Bxf6 Qxf6 11. Be2 Bb7 12. Nd2 c5 13. d5 Qxc3 14.
bxc3 Rae8 15. O-O exd5 16. cxd5 Bxd5 17. Bb5 Be6 18. f4 f5 19. Nc4 Bxc4 20. Bxc4+ Kh8 21. Bb5 Re7 22. Rad1 fxe4 23. Rxd6 Nf6 24. Re1 g6 25. h3 h5 26. Bc6 Kg7 27. Kf2 h4 28. Ke3 Nh5 29. Rf1 Ng3 0-1

[Event "*** MasterClass Titled Tuesday Blitz"]
[Site "Chess.com"]
[Date "2017.07.04"]
[Round "2"]
[White "Lord_Neezy"]
[Black "PelinGorki"]
[Result "0-1"]
[WhiteElo "2157"]
[BlackElo "2316"]
[TimeControl "180+2"]
[EndTime "13:21:07 PDT"]
[Termination "PelinGorki won on time"]

1. d4 Nf6 2. Bf4 e6 3. e3 b6 4.
Nf3 Bb7 5. Bd3 h6 6. h3 Be7 7.
O-O d6 8. c4 Nbd7 9. Nc3 g5 10.
Bh2 g4 11. hxg4 Nxg4 12. Bg3 Rg8 13. e4 h5 14. Nh2 Ndf6 15. Qe2 Nxh2 16. Bxh2 Ng4 17.
Bf4 Bf6 18. Be3 Bxd4 19. Qf3 Qh4 20. Bf4 Be5 21. Rad1 O-O-O 22. Nb5 f5 23. Rfe1 a6 24.
Nc3 Nh2 25. Bxh2 Qxh2+ 26. Kf1 Rdf8 27. Qh3 Qxh3 28. gxh3 f4 29. f3 Bd4 30. Ne2 Be3 0-1

[Event "*** MasterClass Titled Tuesday Blitz"]
[Site "Chess.com"]
[Date "2017.07.04"]
[Round "2"]
[White "gmcorrales"]
[Black "Ilja_Semjonovs"]
[Result "1-0"]
[WhiteElo "2608"]
[BlackElo "2259"]
[TimeControl "180+2"]
[EndTime "13:21:15 PDT"]
[Termination "gmcorrales won on time"]

1. e4 c5 2. Nf3 d6 3. d4 cxd4 4.
Nxd4 Nf6 5. Nc3 a6 6. Be3 e5 7. Nb3 Be6 8. Qd2 Be7 9. O-O-O O-O 10. f3 a5 11. Kb1 a4 12. Nc1 a3 13. b3 Na6 14. g4 Nc7 15. g5 Nd7 16. Nd5 Nxd5 17. exd5 Bf5 18. Bd3 Bxd3 19. Nxd3 f5 20. h4 Rc8 21. f4 e4 22. Nc1 Qc7 23. Ne2 Nc5 24. h5 Rfe8 25. h6 g6 26. Bd4 Bf8 27. Bc3 Kf7 28. Qd4 Red8 29. Rh3 Ke8 30. Qh8 b5 31. Nd4 Qd7 32. Nc6 Rxc6 33. dxc6 Qxc6 34. Qxh7 d5 35. Bf6 1-0

[Event "*** MasterClass Titled Tuesday Blitz"]
[Site "Chess.com"]
[Date "2017.07.04"]
[Round "2"]
[White "jk13"]
[Black "Rokis13"]
[Result "1-0"]
[WhiteElo "2409"]
[BlackElo "2351"]
[TimeControl "180+2"]
[EndTime "13:21:18 PDT"]
[Termination "jk13 won on time"]

1. e4 e5 2. Nf3 Nc6 3. Bc4 Bc5 4. c3 Nf6 5. d3 d6 6. Bb3 a6 7. h3 h6 8. Nbd2 O-O 9. O-O Be6 10. Bc2 Ba7 11. Re1 Ne7 12. Nf1 Ng6 13. Ng3 Re8 14.
d4 c5 15. Be3 cxd4 16. cxd4 Bc4 17. Qd2 Bb5 18. Bxh6 gxh6 19. Qxh6 Qe7 20. Bb3 d5 21. dxe5 Nh7 22. Bxd5 Nxe5 23. Nxe5 1-0

[Event "*** MasterClass Titled Tuesday Blitz"]
[Site "Chess.com"]
[Date "2017.07.04"]
[Round "2"]
[White "Iball95"]
[Black "Aguiar94"]
[Result "0-1"]
[WhiteElo "2534"]
[BlackElo "2422"]
[TimeControl "180+2"]
[EndTime "13:21:21 PDT"]
[Termination "Aguiar94 won by checkmate"]

1. e4 c5 2. Nf3 e6 3. d4 cxd4 4.
Nxd4 Nc6 5. Nc3 Qc7 6. Be3 a6 7. Qf3 Nf6 8. O-O-O Nxd4 9. Bxd4 e5 10. Qg3 d6 11.
Be3 h6 12. Be2 Be6 13. f4 Rc8 14. Kb1 Nxe4 15. Nxe4 Qxc2+ 16. Ka1 Qxe4 17. fxe5 Qa4 18. b3 Bxb3 19. Rd2 Qa3 20. Rb2 Be6 21. exd6 Bxd6 22. Qxg7 Qxe3 23. Qxh8+ Ke7 24. Rxb7+ Rc7 25. Qb2 Rxb7 26.
Qxb7+ Kf8 27. Qf3 Qd2 28. Qe4 Qxa2# 0-1

[Event "*** MasterClass Titled Tuesday Blitz"]
[Site "Chess.com"]
[Date "2017.07.04"]
[Round "2"]
[White "Keranke"]
[Black "rasmussvane"]
[Result "1/2-1/2"]
[WhiteElo "2631"]
[BlackElo "2519"]
[TimeControl "180+2"]
[EndTime "13:21:25 PDT"]
[Termination "Game drawn by repetition"]

1. d4 Nf6 2. Bf4 d5 3. e3 e6 4. Nf3 Bd6 5. Ne5 O-O 6. Nd2 c5 7. c3 Nc6 8. Bd3 Qc7 9. Ndf3 b6 10. Qc2 Bb7 11. O-O Ne4 12. Nxc6 Bxc6 13. Bxe4 dxe4 14. Bxd6 Qxd6 15. dxc5 bxc5 16. Rad1 Qc7 17. Nd2 f5 18. c4 a5 19. Nb1 Rfd8 20. Rxd8+ Rxd8 21. Rd1 Kf7 22. Nc3 Rxd1+ 23. Qxd1 Qb8 24. Qe2 Kf6 25. Nb5 Qd8 26. Kf1 g6 27. Ke1 Qb8 28. a4 Qxh2 29.
Qd2 Qh1+ 30. Ke2 Qh5+ 31. Ke1 Qh1+ 32. Ke2 Qh5+ 33. Ke1 Qh1+ 34. Ke2 Qh5+ 35. Ke1 Qh1+ 36. Ke2 Qh5+ 1/2-1/2

[Event "*** MasterClass Titled Tuesday Blitz"]
[Site "Chess.com"]
[Date "2017.07.04"]
[Round "2"]
[White "GMKrikor"]
[Black "SergeiAza"]
[Result "0-1"]
[WhiteElo "2464"]
[BlackElo "2708"]
[TimeControl "180+2"]
[EndTime "13:21:31 PDT"]
[Termination "SergeiAza won by resignation"]

1. e4 c5 2. Nf3 Nc6 3. Bb5 e6 4. O-O Nge7 5. c3 a6 6. Ba4 b5 7.
Bc2 Bb7 8. Re1 Ng6 9. a4 b4 10. d4 bxc3 11. d5 Nb4 12. Nxc3 Qc7 13. a5 Bd6 14. h4 O-O 15. h5 Ne5 16. h6 Nxf3+ 17. Qxf3 Nxc2 18. hxg7 Rfe8 19. Rd1 Nxa1 20. Bh6 Be5 21.
Rxa1 exd5 22. exd5 Qd6 23. Bd2 Bxc3 24. Bxc3 Qxd5 25.
Qg3 Re6 26. f3 Rg6 0-1

[Event "*** MasterClass Titled Tuesday Blitz"]
[Site "Chess.com"]
[Date "2017.07.04"]
[Round "2"]
[White "OparinGrigoriy"]
[Black "jeaston1"]
[Result "1-0"]
[WhiteElo "2757"]
[BlackElo "2045"]
[TimeControl "180+2"]
[EndTime "13:21:32 PDT"]
[Termination "OparinGrigoriy won by resignation"]

1. e4 c5 2. Nf3 Nc6 3. d4 cxd4 4.
Nxd4 Nf6 5. Nc3 e5 6. Ndb5 d6 7. Nd5 Nxd5 8. exd5 Nb8 9. c4 Be7 10. c5 O-O 11. cxd6 Bxd6 12. Be2 Na6 13. O-O Bf5 14. Be3 b6 15. Rc1 Nc5 16. b4 Nb7 17. Qb3 Bd7 18. Rc6 Qe7 19. Rfc1 f5 20. Nxd6 Nxd6 21. Rc7 f4 22.
Bd2 e4 23. Bg4 e3 24. fxe3 fxe3 25. Bxe3 Rad8 26. Bd4 Qe4 27. Qd1 Rf4 28. Bxd7 Qxd4+ 29. Qxd4 Rxd4 30. Be6+ Kh8 31. Rxa7 h6 32. a3 Rd3 33. h3 Rf8 34. Rcc7 Rd1+ 35. Kh2 Ne4 36. Rxg7 Ng5 37. Rg6 Rd2 38. Rxh6+ 1-0

[Event "*** MasterClass Titled Tuesday Blitz"]
[Site "Chess.com"]
[Date "2017.07.04"]
[Round "2"]
[White "merillium"]
[Black "hassler2"]
[Result "0-1"]
[WhiteElo "2336"]
[BlackElo "2284"]
[TimeControl "180+2"]
[EndTime "13:21:38 PDT"]
[Termination "hassler2 won by resignation"]

1. d4 Nf6 2. Nf3 d5 3. c4 e6 4. Nc3 Be7 5. Bf4 O-O 6. e3 b6 7. cxd5 exd5 8. Be2 Bb7 9. O-O a6 10. Rc1 Nc6 11. Ne5 Nxe5 12. dxe5 Ne8 13. Bf3 c6 14. Qe2 Nc7 15. Rfd1 Ne6 16. Bg3 b5 17. e4 d4 18.
Nb1 Qb6 19. Nd2 c5 20. Kh1 c4 21. Bg4 Rad8 22. f4 d3 23. Qf1 Nc5 24. Bf2 Qa5 25. Bxc5 Bxc5 26. a3 Be3 27. Qe1 Bxf4 28. e6 fxe6 29.
Bxe6+ Kh8 30. Bf5 g6 31. Bg4 Rde8 32. Bf3 Be5 33. Qh4 Bxb2 34. Rb1 Bf6 35. Qg4 Bc8 36. Qg3 Qxa3 37. Nf1 c3 38. Rxd3 c2 0-1

[Event "*** MasterClass Titled Tuesday Blitz"]
[Site "Chess.com"]
[Date "2017.07.04"]
[Round "2"]
[White "jcibarra"]
[Black "spirals5"]
[Result "1-0"]
[WhiteElo "2660"]
[BlackElo "2359"]
[TimeControl "180+2"]
[EndTime "13:21:39 PDT"]
[Termination "jcibarra won by resignation"]

1. e4 c5 2. Nf3 d6 3. d4 cxd4 4. Nxd4 Nf6 5. Nc3 a6 6. Bg5 Nbd7 7. f4 e6 8. Qf3 h6 9. Bh4 Be7 10. O-O-O g5 11. fxg5 Ne5 12. Qe2 Nfg4 13. Nf3 hxg5 14. Bg3 Qc7 15. h3 Nxf3 16. Qxf3 Ne5 17. Bxe5 dxe5 18. Bd3 Bd7 19. Rdf1 f6 20. h4 gxh4 21. Qg4 O-O-O 22. Rxh4 Rxh4 23. Qxh4 Rg8 24. Qh7 Qd8 25.
Bc4 Rxg2 26. Qf7 Qf8 27. Qxf8+ Bxf8 28. Rxf6 Bg7 29. Rf1 Bh6+ 30. Kb1 Bf4 31. a4 Kc7 32. b3 Kd6 33. Ne2 b5 34. axb5 axb5 35. Bd3 Rg4 36.
Rd1 Ke7 37. Nc3 Be3 38. Bxb5 Bd4 39. Bxd7 Bxc3 40. Bc6 Bd4 41. b4 Rg1 42. Rxg1 Bxg1 43. c4 Kd6 44. Be8 Bd4 45. Kc2 Kc7 46. c5 Bf2 47. Kb3 Be1 48. Kc4 Bd2 49. b5 Ba5 50. b6+ 1-0

[Event "*** MasterClass Titled Tuesday Blitz"]
[Site "Chess.com"]
[Date "2017.07.04"]
[Round "2"]
[White "Popopuiyt"]
[Black "peteseeger"]
[Result "1-0"]
[WhiteElo "2243"]
[BlackElo "2138"]
[TimeControl "180+2"]
[EndTime "13:21:41 PDT"]
[Termination "Popopuiyt won by resignation"]

1. d4 g6 2. c4 Bg7 3. e4 d6 4.
Nc3 e5 5. d5 a5 6. Bd3 Na6 7.
Be3 Bd7 8. f3 f5 9. Nge2 Bh6 10.
Qd2 Bxe3 11. Qxe3 f4 12. Qf2 Nc5 13. Bc2 Nf6 14. Nc1 c6 15. Nd3 Nxd3+ 16. Bxd3 cxd5 17. cxd5 O-O 18. O-O g5 19. Bb5 Bc8 20. Be2 h5 21.
Rac1 g4 22. Qh4 Rf7 23. Kh1 g3 24. hxg3 fxg3 25. Qxg3+ Rg7 26. Qh4 Bd7 27. Bb5 Kf7 28. a4 Qb6 29. Bxd7 Nxd7 30. Nb5 Rag8 31. Rc7 Kg6 32. Qh3 Nf6 33. Qf5+ 1-0

[Event "*** MasterClass Titled Tuesday Blitz"]
[Site "Chess.com"]
[Date "2017.07.04"]
[Round "2"]
[White "CookiesAndIceCream"]
[Black "FLchessplayer"]
[Result "1-0"]
[WhiteElo "2218"]
[BlackElo "2050"]
[TimeControl "180+2"]
[EndTime "13:21:41 PDT"]
[Termination "CookiesAndIceCream won by resignation"]

1. e4 e5 2. Nf3 Nc6 3. Nc3 a6 4. Bc4 d6 5. d3 Be7 6. a3 Nf6 7.
O-O O-O 8. Ne2 d5 9. exd5 Nxd5 10. Ng3 f6 11. h3 Kh8 12. Re1 Nb6 13. Ba2 Bd6 14. Ne4 Be7 15. Ng3 Bd6 16. Be3 Nd7 17. Nf5 Nc5 18. Nxd6 Qxd6 19. d4 exd4 20. Nxd4 Nxd4 21.
Qxd4 Rd8 22. Qxd6 cxd6 23. Rad1 Bf5 24. Re2 Rac8 25. c3 b5 26. Red2 Na4 27. g4 Bg6 28. f4 h6 29. f5 Bh7 30. Kf2 Bg8 31. Bb1 Bb3 32. Re1 Kg8 33. Bf4 d5 34. Re7 Re8 35. Ra7 Ra8 36. Rc7 Rac8 37. Ra7 Ra8 38. Rxa8 Rxa8 39.
Bc2 Bxc2 40. Rxc2 Rc8 41. Rd2 Kf7 42. Ke3 Re8+ 43. Kd3 Nb6 44. b3 Re4 45. Bc7 Nd7 46.
Kc2 Re3 47. Rxd5 Ke8 48. Rd6 Nc5 49. Bb6 Nd7 50. Bxe3 1-0

[Event "*** MasterClass Titled Tuesday Blitz"]
[Site "Chess.com"]
[Date "2017.07.04"]
[Round "2"]
[White "CraiggoryC"]
[Black "MarshKnight"]
[Result "1-0"]
[WhiteElo "2054"]
[BlackElo "2158"]
[TimeControl "180+2"]
[EndTime "13:21:45 PDT"]
[Termination "CraiggoryC won by checkmate"]

1. e4 e6 2. d4 d5 3. e5 c5 4. c3 Nc6 5. Nf3 Qb6 6. a3 f6 7. Bd3 fxe5 8. dxe5 c4 9. Bc2 Bc5 10. O-O Nge7 11. Nbd2 O-O 12. b4 cxb3 13. Nxb3 Bd7 14.
a4 Na5 15. Nxc5 Qxc5 16. Ba3 Qxc3 17. Bxe7 Rfc8 18. Rc1 Qb2 19. Bxh7+ Kxh7 20. Qd3+ g6 21. Ng5+ Kg7 22. Bf6+ Kf8 23. Qxg6 Be8 24. Nh7# 1-0

[Event "*** MasterClass Titled Tuesday Blitz"]
[Site "Chess.com"]
[Date "2017.07.04"]
[Round "2"]
[White "popov_m"]
[Black "TregubovP"]
[Result "0-1"]
[WhiteElo "2378"]
[BlackElo "2393"]
[TimeControl "180+2"]
[EndTime "13:21:47 PDT"]
[Termination "TregubovP won by resignation"]

1. d4 Nf6 2. Bf4 d5 3. e3 c5 4. Nd2 Nc6 5. c3 Bf5 6. Ngf3 e6 7. Be2 h6 8. Ne5 Nxe5 9. dxe5 Nd7 10. g4 Bh7 11. h4 Be7 12. h5 f6 13. exf6 Bxf6 14. Qb3 Qb6 15. Bb5 O-O-O 16. a4 c4 17. Qb4 e5 18. a5 Qe6 19. Bg3 a6 20. Bxd7+ Rxd7 21. f3 Bd3 22. Kf2 Be7 23. Qa4 Rf8 24. Kg2 e4 25.
fxe4 Qxg4 26. Rae1 Bd6 27. Rh3 Rdf7 28. Rg1 Rf2+ 29.
Kh1 Qxh3+ 0-1

[Event "*** MasterClass Titled Tuesday Blitz"]
[Site "Chess.com"]
[Date "2017.07.04"]
[Round "2"]
[White "Wolverine_master"]
[Black "playablecharacter"]
[Result "0-1"]
[WhiteElo "1984"]
[BlackElo "1992"]
[TimeControl "180+2"]
[EndTime "13:21:47 PDT"]
[Termination "playablecharacter won by checkmate"]

1. e4 c6 2. d4 d5 3. e5 c5 4. c3 Nc6 5. Nf3 Bg4 6. Bb5 e6 7. O-O Ne7 8. a3 Qb6 9. Bxc6+ Nxc6 10. dxc5 Bxc5 11. b4 Be7 12. Be3 Qc7 13. Bd4 O-O 14.
Nbd2 Rac8 15. Rc1 Bg5 16. Kh1 Bxf3 17. gxf3 Nxd4 18. cxd4 Qxc1 19. Qxc1 Rxc1 20. Rxc1 Bxd2 21. Rc7 Rb8 22. b5 Ba5 23. Rc2 Bb6 24. Rd2 Rc8 25.
Rd3 Rc4 26. Kg2 Bxd4 27. f4 Bc5 28. Kf3 Rc2 29. Kg4 Rxf2 30. Rc3 b6 31. h4 d4 32. Rd3 Ra2 33. h5 Rxa3 34. Rd1 d3 35. h6 gxh6 36. Kh5 Be3 37. f5 exf5 38. e6 fxe6 39.
Re1 d2 40. Rd1 f4 41. Rf1 Rd3 42. Rd1 Rc3 43. Rh1 Rc1 44. Rh4 d1=Q+ 45. Kxh6 f3+ 46.
Kh5 f2+ 47. Rg4+ Qxg4+ 48. Kxg4 f1=Q 49. Kh5 Qf3+ 50. Kh4 Rh1# 0-1

[Event "*** MasterClass Titled Tuesday Blitz"]
[Site "Chess.com"]
[Date "2017.07.04"]
[Round "2"]
[White "mokerslag"]
[Black "Hikaru"]
[Result "0-1"]
[WhiteElo "2472"]
[BlackElo "2979"]
[TimeControl "180+2"]
[EndTime "13:21:48 PDT"]
[Termination "Hikaru won by resignation"]

1. e4 c5 2. Nf3 d6 3. d4 cxd4 4. Nxd4 Nf6 5. Nc3 a6 6. Bg5 e6 7. f4 Qb6 8. Qd3 h6 9. Bh4 Qxb2 10. Rb1 Qa3 11. f5 Be7 12. fxe6 fxe6 13. Qc4 Qc5 14. Bf2 b5 15. Qd3 Ng4 16. Bg1 Ne5 17. Qg3 Bh4 18. Qxh4 Qxc3+ 19. Kd1 O-O 20. Be2 Nbd7 21. Nxe6 Rf6 22.
Bd4 Qc6 23. Nf4 g5 24. Qh5 gxf4 25. Bd3 Nf8 26. Kd2 Be6 27. Rhf1 Qe8 28. Qh4 Qf7 29. a4 bxa4 30. Rb6 Rg6 31. g3 Nxd3 32. cxd3 f3 33. Rxd6 a3 34. Ke3 Bg4 35. Rxg6+ Qxg6 36. h3 Be6 37. Rxf3 Qg5+ 38. Qxg5+ hxg5 39. Rf6 a2 40. h4 gxh4 41. gxh4 Rb8 42. Rh6 Rb1 43. h5 a1=Q 44. Bxa1 Rxa1 45. d4 Re1+ 46. Kf2 Rxe4 47. d5 Kg7 0-1

[Event "*** MasterClass Titled Tuesday Blitz"]
[Site "Chess.com"]
[Date "2017.07.04"]
[Round "2"]
[White "abubakrtagelsir"]
[Black "kharov2001"]
[Result "1-0"]
[WhiteElo "2166"]
[BlackElo "2033"]
[TimeControl "180+2"]
[EndTime "13:21:49 PDT"]
[Termination "abubakrtagelsir won by resignation"]

1. e4 e5 2. Nf3 Nc6 3. d4 exd4 4. Bc4 Nf6 5. e5 d5 6. Bb5 Ne4 7. Nxd4 Bc5 8. Be3 O-O 9. Nxc6 bxc6 10. Bxc5 Nxc5 11.
Bxc6 Rb8 12. Qxd5 Qxd5 13. Bxd5 Rxb2 14. O-O Rxc2 15. Na3 Rd2 16. Bf3 Nd3 17. Nc4 Rc2 18.
Be4 Rxc4 19. Bxd3 Rc3 20. Rfd1 Be6 21. a4 Rd8 22. Bxh7+ Kxh7 23. Rxd8 c5 24. Ra8 Rd3 25.
Rxa7 c4 26. Rc7 Rd4 27. a5 Re4 28. Rc5 c3 29. a6 1-0

[Event "*** MasterClass Titled Tuesday Blitz"]
[Site "Chess.com"]
[Date "2017.07.04"]
[Round "2"]
[White "JaimeSantosLatasa"]
[Black "michaelk123"]
[Result "1-0"]
[WhiteElo "2498"]
[BlackElo "2262"]
[TimeControl "180+2"]
[EndTime "13:21:50 PDT"]
[Termination "JaimeSantosLatasa won by resignation"]

1. d4 Nf6 2. c4 g6 3. Nc3 d5 4. Nf3 Bg7 5. h4 c6 6. cxd5 cxd5 7. Bf4 Nc6 8. e3 O-O 9. Be2 Bg4 10. Ne5 Bxe2 11.
Qxe2 Rc8 12. g4 Nxe5 13. Bxe5 Ne4 14. Nxe4 Bxe5 15. Nc3 Bg7 16. Rd1 Qa5 17. Kf1 Rfd8 18. f4 Rc6 19. Kg2 b5 20. Nxb5 Qxa2 21. Rc1 Rb6 22.
Kf3 Rdb8 23. Nc3 Qb3 24. h5 e6 25. hxg6 hxg6 26. Rc2 Kf8 27. Rhc1 Qb4 28. g5 Ke7 29. Nd1 R6b7 30. Nf2 Qd6 31. Nd3 Kf8 32. Qh2 Rb3 33. Qh7 Rxd3 34. Rc8+ Ke7 35. R1c7+ Qxc7 36. Rxc7+ Kd6 37.
Rc3 Rd2 38. Qxg7 Rbxb2 39. Qe5+ Ke7 40. Rc7+ Kd8 41. Qd6+ 1-0

[Event "*** MasterClass Titled Tuesday Blitz"]
[Site "Chess.com"]
[Date "2017.07.04"]
[Round "2"]
[White "Blitzstream"]
[Black "nihalsarin"]
[Result "0-1"]
[WhiteElo "2444"]
[BlackElo "2635"]
[TimeControl "180+2"]
[EndTime "13:21:58 PDT"]
[Termination "nihalsarin won by checkmate"]

1. d4 d5 2. Nc3 Nf6 3. Bf4 a6 4. f3 c5 5. e3 Nc6 6. Qd2 cxd4 7. exd4 Bf5 8. g4 Bg6 9. h4 h5 10. g5 Ng8 11. Nh3 e6 12. a3 Nge7 13. Bg3 Rc8 14. Nf4 Bf5 15. O-O-O b5 16. Bd3 g6 17. Rhe1 Nxd4 18.
Bxf5 Ndxf5 19. Bf2 Bg7 20. Nce2 O-O 21. Kb1 Nc6 22. Nd3 Na5 23. b3 Nc4 24. Qc1 Qd6 25. Ka2 Nxa3 26. Rd2 Nc4 27. bxc4 bxc4 28. Ndf4 Qb4 29.
c3 Bxc3 30. Qxc3 Qd6 31. Rb1 Rb8 32. Rdb2 Rb5 33. Qf6 Ra5# 0-1

[Event "*** MasterClass Titled Tuesday Blitz"]
[Site "Chess.com"]
[Date "2017.07.04"]
[Round "2"]
[White "AaronGrabinsky_SPICE"]
[Black "politeplayer"]
[Result "1-0"]
[WhiteElo "2071"]
[BlackElo "2171"]
[TimeControl "180+2"]
[EndTime "13:22:02 PDT"]
[Termination "AaronGrabinsky_SPICE won by checkmate"]

1. d4 d5 2. c4 e6 3. Nc3 Bb4 4. a3 Bxc3+ 5. bxc3 Nf6 6. e3 c6 7. Bd3 O-O 8. Ne2 Nbd7 9. O-O dxc4 10. Bxc4 Nd5 11.
Bb2 N7f6 12. Bd3 b5 13. Qc2 h6 14. e4 Nb6 15. Nf4 e5 16. dxe5 Ng4 17. c4 bxc4 18. Bxc4 Nxc4 19. Qxc4 Rb8 20. Bc3 Qh4 21. h3 Nh2 22. g3 Nf3+ 23. Kg2 Qe7 24. Kxf3 g5 25. Nh5 Be6 26. Qe2 Bxh3 27. Nf6+ Kg7 28. g4 Rb3 29. Rfc1 Qxe5 30. Nh5+ Kh7 31. Qc4 Rxc3+ 32. Qxc3 Bxg4+ 33. Kxg4 f5+ 34. Kh3 g4+ 35. Kg2 Qxe4+ 36. Kg1 Qe7 37. Qxc6 g3 38. Qc7 gxf2+ 39. Kxf2 Rg8 40. Qxe7+ Rg7 41. Qxg7# 1-0

[Event "*** MasterClass Titled Tuesday Blitz"]
[Site "Chess.com"]
[Date "2017.07.04"]
[Round "2"]
[White "charlescandycampbell"]
[Black "aa175"]
[Result "1/2-1/2"]
[WhiteElo "2123"]
[BlackElo "1894"]
[TimeControl "180+2"]
[EndTime "13:22:07 PDT"]
[Termination "Game drawn by repetition"]

1. d4 Nf6 2. Nf3 d5 3. c4 c5 4. cxd5 cxd4 5. Qxd4 Qxd5 6. Nc3 Qxd4 7. Nxd4 a6 8. e4 Nc6 9. Nxc6 bxc6 10. Bc4 g6 11. f3 Bg7 12. Be3 Nd7 13. O-O Rb8 14. Rab1 O-O 15.
Rfd1 Nb6 16. b3 Bxc3 17. Rbc1 Nxc4 18. Rxc3 Nxe3 19. Rxe3 Be6 20. Rc3 Rfd8 21. Rdc1 Rd2 22. R1c2 Rxc2 23. Rxc2 Rd8 24. Kf2 Kg7 25. Ke3 Rd6 26.
f4 Bd7 27. e5 Rd5 28. Rc4 Kf8 29. Ra4 a5 30. Rc4 Ke8 31. h3 h5 32. g4 hxg4 33.
hxg4 Kd8 34. Ke4 Kc7 35. f5 gxf5+ 36. gxf5 e6 37. f6 Bc8 38. a3 Ba6 39. Rc3 Bf1 40. Rg3 Kb6 41. Rg7 Bd3+ 42. Ke3 Bg6 43. Kf4 Rd7 44. Kg5 Kc5 45. Rxg6 fxg6 46. Kxg6 Kd5 47. f7 Rxf7 48. Kxf7 Kxe5 49. Ke7 Kd5 50. Kd7 e5 51. b4 e4 52. bxa5 e3 53. a6 e2 54. a7 e1=Q 55. a8=Q Qe6+ 56. Kc7 Qe7+ 57. Kb6 Qc5+ 58. Kc7 Qe7+ 59. Kb6 Qc5+ 60. Kc7 Qe7+ 61. Kb6 Qe3+ 62. Kb7 Qe7+ 63. Kb6 Qc5+ 64. Kc7 Qe7+ 65. Kb6 1/2-1/2

[Event "*** MasterClass Titled Tuesday Blitz"]
[Site "Chess.com"]
[Date "2017.07.04"]
[Round "2"]
[White "Yaacovn"]
[Black "ftorodent"]
[Result "1-0"]
[WhiteElo "2683"]
[BlackElo "2500"]
[TimeControl "180+2"]
[EndTime "13:22:09 PDT"]
[Termination "Yaacovn won by resignation"]

1. d4 d5 2. Nf3 Nf6 3. c4 e6 4. Nc3 Be7 5. Bg5 O-O 6. e3 h6 7.
Bh4 b6 8. cxd5 Nxd5 9. Nxd5 exd5 10. Bxe7 Qxe7 11. Rc1 Be6 12. Be2 c5 13. dxc5 bxc5 14. O-O Nd7 15. Qa4 Rfb8 16. b3 a5 17. Rfd1 Rb4 18. Qc6 Qd8 19. Qd6 a4 20. bxa4 Rb6 21. Qf4 Rb4 22. Qd6 Rb6 23. Qf4 Rb4 24. Qg3 Raxa4 25.
Ne5 Nxe5 26. Qxe5 Rxa2 27. Bf3 Rbb2 28. Bxd5 Bxd5 29. Rxd5 Qg5 30. Qe8+ Kh7 31. Rxg5 hxg5 32. Qxf7 Rc2 33. Qf5+ Kg8 34. Qxc2 1-0

[Event "*** MasterClass Titled Tuesday Blitz"]
[Site "Chess.com"]
[Date "2017.07.04"]
[Round "2"]
[White "A-Fier"]
[Black "IljaZaragatski"]
[Result "1-0"]
[WhiteElo "2549"]
[BlackElo "2404"]
[TimeControl "180+2"]
[EndTime "13:22:11 PDT"]
[Termination "A-Fier won on time"]

1. d4 Nf6 2. c4 c5 3. Nf3 cxd4 4.
Nxd4 e6 5. Nc3 a6 6. a3 b6 7. e4 d6 8. Be2 Bb7 9. Qd3 Nbd7 10. b4 Rc8 11. f4 Qc7 12. O-O Be7 13. Bb2 O-O 14. Rac1 Rfd8 15. Qg3 Bf8 16. Bd3 Qb8 17. f5 e5 18. Nc2 b5 19. cxb5 axb5 20. Ne3 Rxc3 21. Bxc3 Nxe4 22. Bxe4 Bxe4 23. Rcd1 Nf6 24. Ng4 Nxg4 25. Qxg4 d5 26. f6 g6 27. Qg3 d4 28.
Bb2 Bh6 29. Rfe1 Be3+ 30. Kh1 Qa8 31. Bc1 Bxc1 32. Rxc1 h5 33. Kg1 d3 34. Rcd1 Qd5 35.
Qe3 Bxg2 36. Qh6 Qd4+ 37. Re3 Qxe3+ 38. Qxe3 1-0